 Dungeon Crawl Stone Soup version 0.31.0-9-g3a7656b989 (webtiles) character file.

Game seed: 952333772859003389

562 qw the Shooter (level 7, -5/35 HPs)
             Began as a Spriggan Hunter on Feb 2, 2024.
             Slain by Duvessa
             ... wielding a +0 short sword
              (13 damage)
             ... on level 4 of the Dungeon.
             The game lasted 00:00:10 (2130 turns).

qw the Shooter (Spriggan Hunter)                    Turns: 2130, Time: 00:00:11

Health: -5/35      AC:  2    Str:  7    XL:     7   Next: 10%
Magic:  8/8        EV: 22    Int: 10    God:
Gold:   37         SH:  0    Dex: 21    Spells: 6/6 levels left

rFire   . . .        a - +0 shortbow (flame)
rCold   . . .        (shield currently unavailable)
rNeg    . . .        c - +0 robe
rPois   .            (helmet restricted)
rElec   .            (no cloak)
rCorr   .            (gloves unavailable)
SInv    +            (boots unavailable)
Will    +....        (no amulet)
Stlth   ++           (no ring)
HPRegen 0.25/turn    (no ring)
MPRegen 0.11/turn

%: no passive effects
@: very quick
A: very small, no large weapons, unfitting armour, see invisible, speed 3,
hooves 1, sense surroundings 1
a: no special abilities


You were on level 4 of the Dungeon.
You visited 1 branch of the dungeon, and saw 4 of its levels.

You collected 232 gold pieces.
You spent 195 gold pieces at shops.


Innate Abilities, Weirdness & Mutations

You are very small and have problems with some larger weapons.
You are too small for most types of armour.
You have supernaturally acute eyesight. (SInv)
You cover ground extremely quickly. (Speed+++)
You have large cloven feet.
You passively map a small area around you.


   Skills:
 - Level 2.1 Fighting
 - Level 7.0 Ranged Weapons
 + Level 6.5 Dodging
 - Level 1.5 Stealth


You had 6 spell levels left.
You didn't know any spells.
Your spell library was empty.

Inventory:

Hand Weapons
 a - a +0 shortbow of flaming (weapon)
Armour
 c - a +0 robe (worn)
Wands
 b - a wand of flame (42)
Potions
 d - 3 potions of might
 e - a potion of cancellation
 f - 2 potions of curing
 g - a potion of mutation
 j - a potion of enlightenment

Dungeon Overview and Level Annotations

Branches:
Dungeon (4/15)
 Temple: D:4-7

Altars:

Shops:
D:4 !

Annotations:
D:4 Blork the orc, Dowan, Duvessa


Message History

Dowan gestures at you while chanting. You resist with almost no effort.
Duvessa, Sister of Dowan comes into view.
She is wielding a +0 short sword.
You shoot an arrow.
The arrow hits Dowan but does no damage.
Dowan is moderately wounded.
You shoot an arrow. The arrow hits Dowan.
The arrow burns Dowan.
Dowan is heavily wounded.
You shoot an arrow. The arrow hits Dowan.
The arrow burns Dowan.
Dowan is almost dead.
You shoot an arrow.
The arrow hits Dowan but does no damage.
Dowan is almost dead.
Dowan casts a spell at Duvessa.
Duvessa seems to speed up.
You shoot an arrow. The arrow barely misses Dowan.
Dowan gestures wildly while chanting.
Dowan blinks!
You shoot an arrow. The arrow barely misses Duvessa.
Dowan mumbles some strange words.
Dowan blinks!
You shoot an arrow. The arrow hits Duvessa!
The arrow burns Duvessa.
Duvessa is moderately wounded.
Duvessa hits you with a +0 short sword! Duvessa misses you.
You shoot an arrow.
The arrow hits Duvessa but does no damage.
Duvessa is moderately wounded.
Duvessa hits you with a +0 short sword! Duvessa barely misses you.
You shoot an arrow. The arrow hits Duvessa.
The arrow burns Duvessa.
Duvessa is heavily wounded.
Duvessa closely misses you.
You shoot an arrow. The arrow hits Duvessa!
The arrow burns Duvessa.
Duvessa is severely wounded.
Duvessa barely misses you.
Duvessa says, "Beauty is only skin deep, and my weapons penetrate much further than that."
Duvessa hits you with a +0 short sword.
You shoot an arrow. The arrow hits Duvessa.
The arrow burns Duvessa.
Duvessa is almost dead.
Duvessa hits you with a +0 short sword. Duvessa hits you with a +0 short sword!
You die...

....#................##, ,
#...#####...............,,
#...##.................# *
....##.................#
........................ ,
....#..................
....#................. , ,
..................###... ,
................@e...... ,
, [............###....#...
..#........>## #........
..#.........# #....#... ,
..#.........# #.....###
.##.......### *........
.##.......# .......## ,
.##.......# .......#
.##.......# * , ,


You could see Duvessa (fast).

Vanquished Creatures
  A phantom (D:4)
  A bullfrog (D:4)
  A hound (D:3)
  4 orc priests
  A sleepcap (D:4)
  Jessica (D:3)
  3 iguanas
  An orc wizard (D:3)
  3 gnolls (D:4)
  3 adders
  A dart slug (D:2)
  7 orcs (D:3)
  5 bats
  7 endoplasms
  A giant cockroach (D:4)
  5 goblins
  7 hobgoblins
  3 jackals (D:2)
  A quokka (D:1)
  3 ball pythons
  4 frilled lizards
  8 kobolds
  7 rats
78 creatures vanquished.

Notes
Turn   | Place    | Note
-------+----------+-------------------------------------------
     0 | D:1      | qw the Spriggan Hunter began the quest for the Orb.
     0 | D:1      | Reached XP level 1. HP: 10/10 MP: 2/2
     0 | D:1      | 0 ||| qw: Version: 0.3-a-155-g5e7d8dd
     0 | D:1      | 0 ||| qw: Game counter: 670
     0 | D:1      | 0 ||| qw: Melee chars always use a shield: true
     0 | D:1      | 0 ||| qw: God list: Okawaru
     0 | D:1      | 0 ||| qw: Allow faded altars: false
     0 | D:1      | 0 ||| qw: Do Orc after clearing Dungeon:15 true
     0 | D:1      | 0 ||| qw: Do second Lair branch before Depths: true
     0 | D:1      | 0 ||| qw: Lair rune preference: random
     0 | D:1      | 0 ||| qw: Goals: Normal
     0 | D:1      | 0 ||| PLANNING D:1-11
    71 | D:1      | Reached skill level 3 in Dodging
   121 | D:1      | Reached XP level 2. HP: 14/14 MP: 3/3
   318 | D:1      | 318 ||| READING scroll labelled FYTUAK FAEKIRR.
   318 | D:1      | 318 ||| IDENTIFYING sapphire potion
   319 | D:1      | 319 ||| READING scroll labelled KOECYJ URU.
   319 | D:1      | 319 ||| BRANDING +0 shortbow.
   320 | D:1      | 320 ||| READING scroll labelled FUNIEB HAGAN.
   321 | D:1      | 321 ||| DRINKING 2 lumpy yellow potions.
   322 | D:1      | 322 ||| DRINKING 2 clear potions.
   322 | D:1      | Gained mutation: You have large cloven feet. [potion of
                  | mutation]
   322 | D:1      | Gained mutation: You passively map a small area around you.
                  | [potion of mutation]
   323 | D:1      | 323 ||| DRINKING 2 lumpy dark potions.
   324 | D:1      | 324 ||| DROPPING scroll of butterflies.
   325 | D:1      | 325 ||| DROPPING potion of lignification.
   326 | D:1      | 326 ||| DROPPING potion of attraction.
   429 | D:2      | Reached XP level 3. HP: 18/18 MP: 4/4
   952 | D:2      | 952 ||| READING scroll of identify.
   952 | D:2      | 952 ||| IDENTIFYING fuming clear potion
   953 | D:2      | 953 ||| DRINKING 2 viscous grey potions.
   989 | D:3      | 989 ||| STAIRDANCE
  1015 | D:3      | Reached skill level 5 in Ranged Weapons
  1045 | D:3      | Reached XP level 4. HP: 22/22 MP: 5/5
  1094 | D:3      | Noticed Jessica
  1095 | D:3      | 1095 ||| DRINKING potion of haste.
  1099 | D:3      | Killed Jessica
  1242 | D:3      | Reached XP level 5. HP: 25/26 MP: 6/6
  1313 | D:3      | 1313 ||| FLEEEEING.
  1315 | D:3      | 1315 ||| FLEEEEING.
  1316 | D:3      | 1316 ||| FLEEEEING.
  1317 | D:3      | 1317 ||| FLEEEEING.
  1318 | D:3      | 1318 ||| FLEEEEING.
  1319 | D:3      | 1319 ||| FLEEEEING.
  1320 | D:3      | 1320 ||| FLEEEEING.
  1321 | D:3      | 1321 ||| FLEEEEING.
  1322 | D:3      | 1322 ||| FLEEEEING.
  1323 | D:3      | 1323 ||| STAIRDANCE
  1376 | D:2      | 1376 ||| READING scroll labelled EVAEBO MIORIN.
  1479 | D:3      | 1479 ||| STAIRDANCE
  1486 | D:3      | 1486 ||| STAIRDANCE
  1542 | D:3      | 1542 ||| STAIRDANCE
  1657 | D:3      | Found a faded altar of an unknown god.
  1692 | D:4      | 1692 ||| STAIRDANCE
  1698 | D:3      | Reached skill level 6 in Ranged Weapons
  1732 | D:4      | 1732 ||| STAIRDANCE
  1732 | D:4      | Noticed Blork the orc
  1736 | D:3      | Reached XP level 6. HP: 30/30 MP: 7/7
  1738 | D:4      | 1738 ||| STAIRDANCE
  1743 | D:4      | 1743 ||| STAIRDANCE
  1748 | D:4      | 1748 ||| STAIRDANCE
  1751 | D:3      | HP: 6/30 [orc priest/divine providence (9)]
  1847 | D:4      | 1847 ||| STAIRDANCE
  1855 | D:4      | 1855 ||| STAIRDANCE
  1940 | D:4      | Reached skill level 6 in Dodging
  1997 | D:4      | Reached skill level 7 in Ranged Weapons
  2005 | D:4      | Found Gosmebiy's Distillery.
  2011 | D:4      | 2011 ||| SHOPLISTING 2 potions of mutation (208 gold, have
                  | 204).
  2011 | D:4      | 2011 ||| BUYING potion of cancellation (104 gold).
  2011 | D:4      | Bought a potion of cancellation for 104 gold pieces
  2011 | D:4      | 2011 ||| SHOPLISTING potion of cancellation (104 gold, have
                  | 100).
  2011 | D:4      | 2011 ||| BUYING potion of curing (39 gold).
  2011 | D:4      | Bought a potion of curing for 39 gold pieces
  2011 | D:4      | 2011 ||| SHOPLISTING potion of heal wounds (65 gold, have
                  | 61).
  2011 | D:4      | 2011 ||| BUYING potion of might (52 gold).
  2011 | D:4      | Bought a potion of might for 52 gold pieces
  2034 | D:4      | Reached XP level 7. HP: 35/35 MP: 8/8
  2118 | D:4      | Noticed Dowan
  2119 | D:4      | Noticed Duvessa
  2130 | D:4      | HP: 8/35 [Duvessa/+0 short sword (6)]
  2130 | D:4      | Slain by Duvessa

Levels and vault maps discovered:
D:1:      dpeg_arrival_pond, layout_rooms
D:2:      layout_loops_ring
D:3:      layout_rooms, basic_ecumenical_altar, uniq_jessica
D:4:      layout_basic, serial_shops, nicolae_shop_just_a_little_nook,
          uniq_blork_the_orc, uniq_duvessa

Skill      XL: |  1  2  3  4  5  6 |
---------------+-------------------+-----
Dodging        | 3 4 5 6 |  6.5
Ranged Weapons | 5 6 7 |  7.0
Fighting       | 2 |  2.1
Stealth        | |  1.5

Action                     |  1- 3 |  4- 6 |  7- 9 || total
---------------------------+-------+-------+-------++-------
   Fire: Shortbow          |    80 |    98 |    23 ||   201
    Use: Potion            |     4 |     1 |       ||     5
         Scroll            |     4 |     1 |       ||     5
 Armour: Robe              |     1 |    10 |     5 ||    16
  Dodge: Dodged            |    13 |    40 |     4 ||    57

Table legend:
 A = Non-vault XP
 B = Vault XP
 C = Vault XP percentage of total XP
 D = Non-vault monster count
 E = Vault monster count
 F = Vault count percentage of total count
                 A         B        C        D         E       F
            +---------+---------+-------+---------+---------+-------
      Total |     767 |      37 |   4.6 |      77 |       1 |   1.3
            +---------+---------+-------+---------+---------+-------
        D:1 |      25 |       0 |   0.0 |      17 |       0 |   0.0
        D:2 |      91 |       0 |   0.0 |      23 |       0 |   0.0
        D:3 |     300 |      37 |  11.0 |      26 |       1 |   3.7
        D:4 |     351 |       0 |   0.0 |      11 |       0 |   0.0
            +---------+---------+-------+---------+---------+-------
